Match 46280872
Unlisted

Match 46280872
End
Panzergrenadier Squad
Selects Battlefield Espionage Battlegroup
Panzergrenadier Squad
250 Light Carrier
Construct Light Support Kompanie
Combat Half-tracks
MG34 Team
Selects Intel Disruption Beacon
Fire Support Elements
Panzerjäger Mechanized Group
Flakvierling Half-track
2.5-tonne Medical Truck
Vehicle Survival Package
Construct Panzerarmee Kommand
Selects Transfer Depots
Selects Firestorm
Emergency Repair Kits
Panzer III L Medium Tank
Selects 250/3 Funkpanzerwagen
Firestorm
Selects Anti-Tank Incendiary Munitions
Firestorm
Rapid Advance
Firestorm
Armored Reserves
Panzer IV Assault Group
Firestorm
UH|dun! ツ
UH|ck
UH|XTC
GruZ
Elder-Gyattson
Zero Ambition
0
0

Comments sign in to comment!

No comments posted yet!